 Dungeon Sprint DCSS version 0.25-a0-835-gb37b1c2 (webtiles) character file.

Game seed: 13879021175154147964, levelgen mode: deterministic

3550 0x5F3759DF the Fighter (level 9, -17/96 HPs)
             Began as a Minotaur Fighter on Apr 23, 2020.
             Was the Champion of Yredelemnul.
             Splashed by a deep elf sorcerer's acid (18 damage)
             ... in the Dungeon (Sprint V: "Ziggurat Sprint").
             The game lasted 00:16:52 (671 turns).

0x5F3759DF the Fighter (Minotaur Fighter)            Turns: 671, Time: 00:16:53

Health: -17/96     AC: 18    Str: 36    XL:     9   Next: 83%
Magic:  10/10      EV: 10    Int:  5    God:    Yredelemnul [******]
Gold:   0          SH:  0    Dex: 10    Spells: 8/8 levels left

rFire    . . .     SeeInvis .   n - +5 demon blade
rCold    . . .     Gourm    .   (no shield)
rNeg     . . .     Faith    .   l - +5 shadow dragon scales
rPois    .         Spirit   .   (helmet restricted)
rElec    .         Reflect  .   (no cloak)
rCorr    .         Harm     .   (no gloves)
MR       .....     NoTele   +   I - +0 pair of boots {Stlth+}
Stlth    +++++.....             (no amulet)
HPRegen  0.26/turn              z - +6 ring of strength
MPRegen  0.12/turn              A - +6 ring of strength

@: corroded, studying 2 skills
A: retaliatory headbutt, horns 2
a: Recall Undead Slaves, Injury Mirror, Animate Dead, Drain Life, Enslave Soul,
Renounce Religion


You were in the Dungeon.
You worshipped Yredelemnul.
Yredelemnul was exalted by your worship.
You were not hungry.

You visited 1 branch

Inventory:

Hand Weapons
 n - a +5 demon blade (weapon)
 o - a +5 quick blade
 q - the +7 Singing Sword {vorpal, sonic wave}
   (You found it in the Dungeon)

   It inflicts extra damage upon your enemies.
 r - the +11 plutonium sword {*Contam Stlth-}
   (You found it in the Dungeon)

   It causes magical contamination when unequipped.
   It makes you less stealthy.
 s - the +2 sword of Power
   (You found it in the Dungeon)
 K - the +7 war axe "Arbiter" {speed, MP+9}
   (You found it in the Dungeon)

   Attacks with this weapon are significantly faster.
   It affects your magic capacity (+9).
Missiles
 b - 1000 arrows
 c - 1000 bolts
 m - 1000 sling bullets
 M - 8 boomerangs (quivered)
Armour
 a - a +3 tower shield
 l - +5 shadow dragon scales (worn)
 p - the +18 shield of the Gong {rElec rN+ MR+ EV-5}
   (You found it in the Dungeon)

   It affects your evasion (-5).
   It insulates you from electricity.
   It protects you from negative energy.
   It affects your resistance to hostile enchantments.
 I - a +0 pair of boots of stealth (worn)
Magical Staves
 B - an uncursed staff of energy
Jewellery
 u - an uncursed ring of flight
 v - a +6 ring of dexterity
 w - a +6 ring of dexterity
 x - a +6 ring of intelligence
 y - a +6 ring of intelligence
 z - a +6 ring of strength (left hand)
 A - a +6 ring of strength (right hand)
 O - an uncursed ring of positive energy
 P - an uncursed ring of stealth
Wands
 C - a wand of disintegration (7)
 D - a wand of iceblast (7)
 E - a wand of acid (7)
Scrolls
 k - a scroll of blinking
Potions
 d - a potion of might
 e - a potion of curing
 h - a potion of haste
 i - 2 potions of magic
 j - 4 potions of heal wounds
Books
 H - a manual of Bows
 L - a manual of Necromancy
Miscellaneous
 g - a tin of tremorstones
 t - a lightning rod (4/4)
 F - a phial of floods
 G - a lightning rod (4/4)
 J - a lightning rod (4/4)
 N - a phantom mirror
 Q - a lightning rod (4/4)
Comestibles
 f - 7 rations
 R - a chunk of flesh


   Skills:
 + Level 14.4 Fighting
 + Level 11.2 Long Blades
 + Level 14.0 Armour
 + Level 2.0 Dodging
 + Level 4.9 Stealth
 + Level 12.6 Shields
 + Level 3.4 Invocations
 + Level 0.2 Evocations


You had 8 spell levels left.
You didn't know any spells.
Your spell library contained the following spells:

 Spells                   Type           Power        Failure   Level  Hunger
 Shock                    Conj/Air       #...         83%         1    ##.....
 Sublimation of Blood     Necr           #.........   92%         2    ###....
 Swiftness                Chrm/Air       #.......     92%         2    ###....
 Ignite Poison            Fire/Tmut/Pois #.......     99%         3    ####...
 Spider Form              Tmut/Pois      #.........   99%         3    ####...
 Static Discharge         Conj/Air       #.......     99%         3    ####...
 Airstrike                Air            #.........   100%        4    #####..
 Petrify                  Tmut/Erth      #.......     100%        4    #####..
 Alistair's Intoxication  Tmut/Pois      #.......     100%        5    ######.
 Bolt of Magma            Conj/Fire/Erth #.........   100%        5    ######.
 Irradiate                Conj/Tmut      #.........   100%        5    ######.
 Iskenderun's Battlesphe  Conj/Chrm      #.......     100%        5    ######.
 Lightning Bolt           Conj/Air       #.........   100%        5    ######.
 Summon Forest            Summ/Tloc      #.........   100%        5    ######.
 Eringya's Noxious Bog    Tmut/Pois      #.........   100%        6    #######
 Iron Shot                Conj/Erth      #.........   100%        6    #######
 Orb of Destruction       Conj           #.........   100%        7    #######
 Spellforged Servitor     Conj/Summ      #.........   100%        7    #######
 Summon Hydra             Summ           #.........   100%        7    #######


Dungeon Overview and Level Annotations

Branches:
Dungeon (1/1)

Altars:
Ashenzari
Cheibriados
Dithmenos
Elyvilon
Fedhas
Gozag
Hepliaklqana
Kikubaaqudgha
Makhleb
Nemelex Xobeh
Okawaru
Qazlal
Ru
Sif Muna
Trog
Uskayaw
Vehumet
Wu Jian
Xom
Yredelemnul
Zin
The Shining One
Beogh
Jiyva
Lugonu


Innate Abilities, Weirdness & Mutations

You reflexively headbutt those who attack you in melee.
You have a pair of horns on your head.


Message History

Press: ? - help, Dir - move target cursor, f - deep elf sorcerer
Aim: a deep elf sorcerer, wielding a +0 rapier Attack!
Your hornet zombie hits the deep elf sorcerer.
You swap places.
Your wolf zombie bites the deep elf sorcerer.
Your yak zombie completely misses the +5 glaive of protection.
The deep elf sorcerer casts a spell at you.
The bolt of acid hits your flying skull!!
Your flying skull is splashed with acid!
Your flying skull is destroyed!
The bolt of acid hits your iguana zombie!!
Your iguana zombie is splashed with acid.
The acid corrodes your iguana zombie!
Your iguana zombie is destroyed!
The bolt of acid hits you!!
* * * LOW HITPOINT WARNING * * *
The acid corrodes you!
You are splashed with acid!!
You die...
Your body rises from the dead as a mindless zombie.

▓▓▓▓▓▓▓▓▓▓▓▓▓▓▓▓▓▓▓
▓...8©8...▓..8©8..▓
▓..a(E=e..▓..|[[..▓
▓...%Ee...▓..)....▓
▓.........▓.......▓
▓....e(...▓.......▓
▓..ZV.zZZ.▓.......▓
▓..WZ.ZZ..▓..)....▓
▓Z▓.z@zZ▓.▓.▓.))▓.▓
▓...ZZ....▓...©...▓
▓▓▓▓▓▓▓▓▓▓▓▓▓▓▓▓▓▓▓


You could see a deep elf sorcerer, a deep elf knight (sleeping), 2 earth
elementals, a deep elf mage (sleeping), a soldier ant (sleeping), 2 dancing
weapons, a friendly vampire, a friendly wraith, 3 friendly flying skulls, a
friendly water moccasin zombie, a friendly wolf zombie, a friendly yak zombie, a
friendly hippogriff zombie, a friendly black bear zombie, a friendly hornet
zombie, 2 friendly spriggan zombies and a friendly spriggan skeleton.

Vanquished Creatures
  A spriggan druid (D)
  A large abomination (D)
  3 draconians (D)
  A hornet (D)
  A hippogriff (D)
  7 flying skulls (D)
  3 spriggans (D)
  2 vampires (D)
  A yak (D)
  2 water moccasins (D)
  An orc warrior (D)
  A wolf (D)
  A draconian zombie (D)
  3 wights (D)
  2 crimson imps (D)
  An orc wizard (D)
  An iron imp (D)
  An iguana (D)
  A mummy (D)
  An adder (D)
  A shadow imp (D)
  An ufetubus (D)
  An adder zombie (D)
  An orc (D)
39 creatures vanquished.

Vanquished Creatures (collateral kills)
  A spriggan (D)
  2 orc warriors (D)
  A black bear (D)
  A large abomination (D)
  A draconian zombie (D)
  A bullfrog (D)
  A crimson imp (D)
  An orc priest (D)
  2 mummies (D)
  A white imp (D)
  A jackal (D)
13 creatures vanquished.

Vanquished Creatures (others)
  2 flying skulls (D)
  A wight (D)
  An iguana zombie (D)
4 creatures vanquished.

Grand Total: 56 creatures vanquished

Notes
Turn   | Place    | Note
-------+----------+-------------------------------------------
     0 | D        | 0x5F3759DF the Minotaur Fighter began the quest for the
                  | Orb.
     0 | D        | Reached XP level 1. HP: 19/19 MP: 0/0
    23 | D        | Found a blossoming altar of Fedhas.
    24 | D        | Found the +6 Majin-Bo {vamp, Archmagi MP+6 Int+6}
    24 | D        | Found the +7 great mace "Firestarter" {inner flame, rF++}
    27 | D        | Found a viscous altar of Jiyva.
    27 | D        | Found a hazy altar of Hepliaklqana.
    27 | D        | Found a transporter.
    27 | D        | Found an opulent altar of Gozag.
    27 | D        | Found an ancient bone altar of Kikubaaqudgha.
    27 | D        | Found a corrupted altar of Lugonu.
    42 | D        | Found a burning altar of Makhleb.
    43 | D        | Found a sacrificial altar of Ru.
    43 | D        | Found a stormy altar of Qazlal.
    43 | D        | Found a shimmering blue altar of Sif Muna.
    43 | D        | Found an iron altar of Okawaru.
    43 | D        | Found a bloodstained altar of Trog.
    43 | D        | Found a sparkling altar of Nemelex Xobeh.
    50 | D        | Found the +9 heavy crossbow "Sniper" {vorpal, Acc+∞ SInv}
    50 | D        | Found the +10 dark maul {vorpal}
    50 | D        | Found the +15 Maxwell's patent armour {-Cast -Tele rElec
                  | MR+ rCorr}
    50 | D        | Found the +18 shield of the Gong {rElec rN+ MR+ EV-5}
    50 | D        | Found the cursed +14 obsidian axe {vorpal, +Fly SInv
                  | *Curse}
    52 | D        | Found the +6 shillelagh "Devastator" {shatter}
    52 | D        | Found the +11 plutonium sword {*Contam Stlth-}
    52 | D        | Found the +8 lance "Wyrmbane" {slay drac, rPois rF+ rC+
                  | AC+3}
    52 | D        | Found the +9 sword of Zonguldrok {reap}
    52 | D        | Found the cursed +13 scythe of Curses {drain, *Curse}
    52 | D        | Found the +0 sword of Power
    52 | D        | Found the +7 mace of Variability {chain chaos}
    52 | D        | Found the +7 Singing Sword {vorpal, sonic wave}
    52 | D        | Found the +8 storm bow {elec, penet}
    73 | D        | Became a worshipper of Yredelemnul the Dark
    86 | D        | Entered arena 2.
    86 | D        | Noticed a water moccasin
    86 | D        | Found a transporter.
    87 | D        | Reached XP level 2. HP: 28/28 MP: 1/1
    88 | D        | Killed a water moccasin
    88 | D        | Reached XP level 3. HP: 36/39 MP: 2/2
    88 | D        | Reached XP level 4. HP: 43/47 MP: 3/3
    99 | D        | Entered arena 3.
    99 | D        | Noticed a draconian
    99 | D        | Noticed a draconian
    99 | D        | Noticed a draconian
    99 | D        | Found a transporter.
   103 | D        | Killed a draconian
   103 | D        | Reached * piety under Yredelemnul
   103 | D        | Reached skill level 10 in Fighting
   103 | D        | Reached skill level 10 in Armour
   103 | D        | Reached XP level 5. HP: 34/59 MP: 4/4
   103 | D        | Reached XP level 6. HP: 39/67 MP: 5/5
   108 | D        | Killed a draconian
   108 | D        | Reached XP level 7. HP: 44/75 MP: 6/6
   109 | D        | Killed a draconian
   109 | D        | Reached XP level 8. HP: 50/85 MP: 7/7
   128 | D        | Entered arena 4.
   128 | D        | Noticed a large abomination
   128 | D        | Found a transporter.
   130 | D        | Reached ** piety under Yredelemnul
   138 | D        | Killed a large abomination
   138 | D        | Reached *** piety under Yredelemnul
   138 | D        | Reached skill level 1 in Invocations
   154 | D        | Got the +7 war axe "Arbiter" {speed, MP+9}
   469 | D        | Entered arena 5.
   469 | D        | Found a transporter.
   477 | D        | Received a gift from Yredelemnul (a wight)
   479 | D        | Received a gift from Yredelemnul (a wight)
   488 | D        | Entered arena 6.
   488 | D        | Found a transporter.
   493 | D        | Reached **** piety under Yredelemnul
   495 | D        | Reached skill level 1 in Stealth
   505 | D        | Received a gift from Yredelemnul (5 flying skulls)
   516 | D        | Entered arena 7.
   517 | D        | Found a transporter.
   520 | D        | Reached ***** piety under Yredelemnul
   520 | D        | Reached skill level 1 in Dodging
   527 | D        | Received a gift from Yredelemnul (a wight)
   528 | D        | Received a gift from Yredelemnul (a vampire)
   555 | D        | Entered arena 8.
   555 | D        | Noticed a hippogriff
   556 | D        | Found a transporter.
   558 | D        | Reached XP level 9. HP: 72/93 MP: 9/9
   560 | D        | Received a gift from Yredelemnul (a wight)
   560 | D        | Received a gift from Yredelemnul (a vampire)
   565 | D        | Received a gift from Yredelemnul (2 flying skulls)
   586 | D        | Got the Incunabulum of the Alphagorgon
   595 | D        | Entered arena 9.
   595 | D        | Noticed a spriggan druid
   595 | D        | Noticed a spriggan rider
   596 | D        | Found a transporter.
   598 | D        | Reached ****** piety under Yredelemnul
   598 | D        | Reached skill level 10 in Long Blades
   599 | D        | Received a gift from Yredelemnul (2 flying skulls)
   607 | D        | HP: 7/142 [spriggan druid/stone arrow (15)]
   610 | D        | Killed a spriggan druid
   610 | D        | Received a gift from Yredelemnul (a vampire)
   614 | D        | Received a gift from Yredelemnul (3 flying skulls)
   614 | D        | Received a gift from Yredelemnul (a wraith)
   617 | D        | HP: 6/144 [spriggan/+0 rapier (3)]
   669 | D        | Entered arena 10.
   669 | D        | Noticed a +3 battleaxe of distortion
   669 | D        | Noticed a +5 glaive of protection
   669 | D        | Noticed a deep elf knight
   669 | D        | Noticed a deep elf sorcerer
   669 | D        | Noticed a deep elf mage
   671 | D        | Found a transporter.
   671 | D        | HP: 1/96 [deep elf sorcerer/bolt of acid (21)]
   671 | D        | Splashed by a deep elf sorcerer's acid

Levels and vault maps discovered:
D:        sprint_v [room_start, room_1, room_2, room_3, room_4, room_5, room_6,
          room_7, room_8, room_9, room_10, room_11, room_12, room_13, room_14,
          room_15, room_16, room_17, room_18, room_19, room_20, room_21,
          room_22, room_23, room_24, room_25, room_26, room_27]

Skill      XL: |  1  2  3  4  5  6  7  8  9 |
---------------+----------------------------+-----
Fighting       | 4 7 10 11 12 13 14 | 14.4
Armour         | 4 7 10 11 12 13 14 | 14.0
Shields        | 4 7 9 11 12 | 12.6
Long Blades    | 4 6 7 8 11 | 11.2
Invocations    | 1 3 |  3.4
Stealth        | 2 4 |  4.9
Dodging        | 1 2 |  2.0
Evocations     | |  0.2

Action                   |  1- 3 |  4- 6 |  7- 9 || total
-------------------------+-------+-------+-------++-------
Melee: Double sword      |     1 |     6 |    42 ||    49
       Headbutt          |       |     4 |     9 ||    13
       Demon blade       |       |       |    17 ||    17
Invok: Animate Remains   |       |       |     2 ||     2
       Animate Dead      |       |       |     2 ||     2
       Drain Life        |       |       |     1 ||     1
Evoke: Phantom mirror    |       |       |     1 ||     1
  Use: Potion            |       |     1 |     1 ||     2
 Stab: Sleeping          |       |       |     4 ||     4
       Distracted        |       |       |     2 ||     2
  Eat: Chunk             |       |       |     1 ||     1
Armor: Shadow dragon sca |       |    10 |    60 ||    70
Dodge: Dodged            |     1 |     2 |    41 ||    44
       Rpst.: Double sword |     1 |     1 |     1 ||     3
       Demon blade       |       |       |     1 ||     1

Table legend:
 A = Non-vault XP
 B = Vault XP
 C = Vault XP percentage of total XP
 D = Non-vault monster count
 E = Vault monster count
 F = Vault count percentage of total count
                 A         B        C        D         E       F
            +---------+---------+-------+---------+---------+-------
      Total |     189 |    4883 |  96.3 |       1 |      37 |  97.4
            +---------+---------+-------+---------+---------+-------
          D |     189 |    4883 |  96.3 |       1 |      37 |  97.4
            +---------+---------+-------+---------+---------+-------
